Map: [ESL] Site Delta

Players

Dolan

  • Race: Terran Terran
  • Spawn Location: 5:00

NightMare - Winner!

  • Race: Protoss Protoss
  • Spawn Location: 11:00

Event: ESL Spring 2024 Finals

VOD

Have the link to the VOD?

Description

Time

  • Played on: May 31, 2024, 6:58 p.m.
  • Length: 9:33

All games in this series

Show
View Real Time Build Order
Export as new Build Order

Dolan Terran 

Build Orders: Cyclone Opening 

Get SALT Encoding   

  12  0:00  SCV  
  13  0:12  SCV  
  14  0:17  Supply Depot  
  14  0:24  SCV  
  15  0:38  SCV  
  15  0:40  Barracks  
  16  0:44  Refinery  
  16  0:50  SCV  
  16  0:54  Refinery  
  17  1:02  SCV  
  18  1:16  SCV  
  19  1:32  Orbital Command, Reaper  
  20  1:34  Supply Depot  
  20  1:44  Factory  
  20  1:58  SCV  
  21  2:10  SCV  
  22  2:18  Command Center  
  22  2:23  SCV  
  22  2:28  Barracks Reactor  
  22  2:29  Cyclone  
  25  2:35  SCV  
  26  2:41  Starport  
  26  2:47  SCV  
  26  2:51  Supply Depot  
  27  2:59  SCV  
  27  3:02  Factory Tech Lab  
  28  3:06  Marine x2  
  28  3:11  SCV  
  31  3:27  SCV  
  31  3:28  Cloaking Field, Banshee  
  31  3:30  Factory Tech Lab  
  31  3:31  Marine x2  
  36  3:39  SCV  
  37  3:46  Orbital Command  
  37  3:50  Siege Tank  
  37  3:51  Marine x2  
  42  3:55  SCV  
  42  4:01  Supply Depot  
  43  4:09  Marine x2  
  45  4:11  Banshee  
  45  4:15  SCV x2  
  50  4:30  Supply Depot, Siege Tank, Marine  
  50  4:31  SCV, Marine  
  55  4:32  SCV  
  57  4:43  Supply Depot  
  57  4:44  SCV x2  
  59  4:48  Marine x2  
  59  5:05  Viking  
  54  5:14  Marine x2  
  54  5:17  SCV x2, Siege Tank  
  61  5:29  SCV x2  
  61  5:30  Command Center  
  61  5:36  Supply Depot  
  61  5:41  SCV x2  
  58  5:52  Marine x2  
  58  5:53  SCV x2  
  61  6:06  SCV x2  
  61  6:11  Marine x2  
  49  6:38  Marine x2  
  43  6:45  SCV x2  
  38  6:50  Siege Tank, Banshee  
  35  6:56  Marine x2  
  35  6:57  SCV x2  
  35  6:58  Orbital Command  
  32  7:09  SCV x2  
  34  7:22  Siege Tank, Marine x2  
  39  7:28  SCV  
  39  7:29  SCV x2  
  42  7:33  Banshee  
  45  7:41  SCV x2  
  47  7:45  SCV  
  48  7:52  Refinery x2  
  48  7:53  SCV x2  
  50  7:59  Factory  
  50  8:01  SCV  
  50  8:03  Siege Tank, Marine x2  
  50  8:05  SCV x2  
  58  8:13  SCV  
  58  8:17  SCV x2  
  63  8:32  Engineering Bay, Barracks  
  63  8:33  SCV x3, Engineering Bay, Barracks  
  64  8:35  Starport Reactor  
  59  8:45  SCV x3  
  59  8:49  Marine x2  
  54  8:57  SCV x2  
  54  8:58  Factory Reactor  
  56  9:18  SCV x3  
  58  9:25  Starport Reactor  
Show
View Real Time Build Order
Export as new Build Order

NightMare Protoss - Winner!

Build Orders: 1 Gate Expand 

Get SALT Encoding   

  12  0:00  Probe  
  13  0:12  Probe  
  14  0:18  Pylon  
  14  0:24  Probe (Chrono Boost)  
  15  0:37  Probe (Chrono Boost)  
  15  0:40  Gateway  
  16  0:45  Probe (Chrono Boost)  
  17  0:51  Probe  
  17  0:52  Assimilator  
  18  1:03  Probe  
  19  1:15  Probe  
  20  1:28  Cybernetics Core  
  20  1:36  Nexus  
  20  1:46  Pylon  
  20  1:48  Probe  
  20  1:53  Assimilator  
  21  2:00  Probe  
  22  2:01  Adept (Chrono Boost)  
  22  2:05  Warp Gate  
  24  2:12  Probe  
  24  2:24  Probe  
  24  2:25  Adept  
  24  2:27  Robotics Facility  
  27  2:36  Probe  
  28  2:43  Shield Battery  
  28  2:49  Gateway  
  28  2:52  Probe  
  28  2:54  Probe  
  30  3:02  Stalker  
  30  3:04  Probe  
  33  3:06  Probe  
  34  3:17  Probe  
  34  3:18  Probe  
  36  3:24  Immortal (Chrono Boost)  
  40  3:30  Probe x2  
  42  3:36  Pylon  
  42  3:42  Probe  
  42  3:43  Probe  
  42  3:52  Warp Prism (Chrono Boost)  
  44  3:57  Probe x2  
  44  4:01  Sentry x2  
  50  4:03  Pylon  
  50  4:09  Probe x2  
  52  4:12  Twilight Council  
  52  4:18  Observer (Chrono Boost)  
  52  4:21  Probe x2  
  55  4:26  Pylon  
  55  4:27  Stalker  
  55  4:29  Stalker  
  59  4:33  Probe x2  
  61  4:43  Pylon  
  61  4:45  Assimilator, Probe x2  
  62  4:47  Assimilator  
  60  4:53  Stalker x2  
  60  4:57  Probe  
  60  4:58  Probe  
  63  5:07  Charge (Chrono Boost)  
  63  5:13  Probe  
  63  5:14  Probe  
  61  5:20  Gateway  
  61  5:25  Gateway, Stalker x2  
  67  5:34  Immortal (Chrono Boost)  
  67  5:41  Shield Battery  
  67  5:52  Stalker x2  
  67  5:54  Gateway  
  69  5:59  Gateway  
  69  6:05  Gateway  
  69  6:06  Observer (Chrono Boost)  
  69  6:08  Probe x2  
  72  6:15  Templar Archives  
  72  6:17  Sentry  
  72  6:18  Zealot x2  
  76  6:31  Zealot  
  62  6:40  Immortal (Chrono Boost)  
  62  6:41  Zealot x3  
  64  6:49  Psionic Storm  
  64  6:51  Zealot x2  
  62  7:09  High Templar  
  62  7:12  Probe x2  
  66  7:15  Warp Prism (Chrono Boost)  
  66  7:18  High Templar  
  70  7:25  Nexus  
  70  7:26  Pylon  
  70  7:29  Probe x2  
  72  7:30  High Templar  
  74  7:43  Probe x2  
  74  7:44  Pylon  
  76  7:46  High Templar  
  76  7:48  Shield Battery  
  78  8:00  Probe x2  
  80  8:10  Stalker x3  
  86  8:13  Pylon  
  86  8:14  Observer  
  86  8:15  Pylon  
  86  8:16  Zealot x3  
  93  8:21  Probe  
  93  8:25  Probe  
  94  8:31  Pylon  
  94  8:33  Probe  
  95  8:35  Forge  
  95  8:37  Probe x2  
  95  8:38  Pylon  
  97  8:48  Zealot x4  
  99  8:49  Probe x2  
  105  8:57  Zealot x3  
  105  9:02  Observer  
  111  9:08  Stalker x3  
  112  9:28  Zealot x4  
Tags
 
Add a new tag
Caveats
  • Supply blocks, unpowered buildings, or Contaminate may cause inaccurate times.
  • Supply counts are checked every 10 seconds.